 Dungeon Crawl Stone Soup version 0.26-a0-259-g1effd001a9 (webtiles) character file.

Game seed: 637813651007988401

22283 HoaS the Brawler (level 12, -2/84 HPs)
             Began as a Gargoyle Gladiator on July 15, 2020.
             Was a High Priest of Makhleb.
             Slain by a harpy (13 damage)
             ... summoned by Kirke
             ... on level 4 of the Lair of Beasts.
             The game lasted 00:31:02 (14897 turns).

HoaS the Brawler (Gargoyle Gladiator)              Turns: 14897, Time: 00:31:03

Health: -2/84      AC:  0    Str: 21    XL:     12   Next: 98%
Magic:  12/12      EV: 14    Int: 11    God:    Makhleb [*****.]
Gold:   3456       SH:  0    Dex: 11    Spells: 11/11 levels left

rFire    . . .     SeeInvis .     - Unarmed
rCold    . . .     Faith    .   (shield currently unavailable)
rNeg     + . .     Spirit   .   (armour currently unavailable)
rPois    ∞         Reflect  .   (helmet currently unavailable)
rElec    .         Harm     .   (cloak currently unavailable)
rCorr    .                      (gloves currently unavailable)
MR       .....                  (boots currently unavailable)
Stlth    +.........             (no amulet)
HPRegen  0.24/turn              (ring currently unavailable)
MPRegen  0.13/turn              (ring currently unavailable)

@: about to teleport, pig-form, very quick
A: small, negative energy resistance 1, petrification resistance, rot immunity,
AC +8
a: Minor Destruction, Lesser Servant of Makhleb, Major Destruction, Greater
Servant of Makhleb, Renounce Religion


You were on level 4 of the Lair of Beasts.
You worshipped Makhleb.
Makhleb was extremely pleased with you.
You were not hungry.
You were a filthy swine.
You visited 3 branches of the dungeon, and saw 16 of its levels.

You collected 4106 gold pieces.
You spent 650 gold pieces at shops.

Inventory:

Missiles
 c - 4 throwing nets (quivered)
 n - 14 boomerangs
 q - 4 javelins
 r - 65 poisoned darts
Armour
 b - a +2 helmet (melded)
 g - a +3 plate armour of poison resistance (melded)
 u - a +1 pair of gloves (melded)
 B - a +1 pair of boots (melded)
Jewellery
 f - a ring of protection from fire (melded)
Wands
 a - a wand of disintegration (14)
 l - a wand of digging (10)
 p - a wand of flame (43)
 t - a wand of polymorph (6)
 x - a wand of random effects (16)
 C - a wand of clouds (5)
 F - a wand of enslavement (8)
 G - a wand of paralysis (15)
Scrolls
 i - 6 scrolls of remove curse
 m - 2 scrolls of teleportation
 y - 3 scrolls of fog
 A - 2 scrolls of magic mapping
Potions
 e - 4 potions of berserk rage
 h - 3 potions of curing
 j - 5 potions of lignification
 k - 3 potions of flight
 o - 2 potions of resistance
 s - a potion of ambrosia
 v - 2 potions of heal wounds
 w - a potion of might
 z - a potion of invisibility {unknown}
 D - 2 potions of mutation {unknown}
Comestibles
 d - 60 rations


   Skills:
 + Level 13.2 Fighting
 - Level 1.7 Throwing
 - Level 2.4 Dodging
 * Level 16.6 Unarmed Combat


You had 11 spell levels left.
You didn't know any spells.
Your spell library contained the following spells:

 Spells                   Type           Power        Failure   Level
 Animate Skeleton         Necr           #.....       34%         1
 Apportation              Tloc           #.....       34%         1
 Corona                   Hex            #......      34%         1
 Foxfire                  Conj/Fire      #...         34%         1
 Magic Dart               Conj           #...         34%         1
 Pain                     Necr           #...         34%         1
 Sandblast                Erth           #.....       34%         1
 Summon Small Mammal      Summ           #...         34%         1
 Blink                    Tloc           N/A          47%         2
 Call Imp                 Summ           #.......     47%         2
 Passwall                 Tmut/Erth      #.......     47%         2
 Slow                     Hex            #.......     47%         2
 Conjure Flame            Conj/Fire      #.......     71%         3
 Inner Flame              Hex/Fire       #.......     71%         3
 Mephitic Cloud           Conj/Pois/Air  #.......     71%         3
 Stone Arrow              Conj/Erth      #.....       71%         3
 Vampiric Draining        Necr           #.........   71%         3
 Animate Dead             Necr           #.........   98%         4
 Cause Fear               Hex            #.........   98%         4
 Petrify                  Tmut/Erth      #.......     98%         4
 Sticky Flame             Conj/Fire      #.......     98%         4
 Agony                    Necr           #.......     100%        5
 Fireball                 Conj/Fire      #.........   100%        5
 Lee's Rapid Deconstruct  Erth           #.........   100%        5
 Silence                  Hex/Air        #.........   100%        5
 Yara's Violent Unravell  Hex/Tmut       #.........   100%        5
 Discord                  Hex            #.........   100%        8


Dungeon Overview and Level Annotations

Branches:
Dungeon (11/15)            Temple (1/1) D:4            Lair (4/6) D:10
 Shoals (0/4) Lair:2        Snake (0/4) Lair:3          Orc (0/2) D:11

Altars:
Ashenzari
Cheibriados
Dithmenos
Elyvilon
Fedhas
Gozag
Hepliaklqana
Kikubaaqudgha
Makhleb
Nemelex Xobeh
Okawaru
Qazlal
Ru
Sif Muna
Trog
Uskayaw
Vehumet
Wu Jian
Xom
Yredelemnul
Zin
The Shining One

Shops:
D:7 *   D:8 :

Annotations:
D:10 2 transporters
Lair:2 exclusion: 4 oklob plants
Lair:4 Kirke


Innate Abilities, Weirdness & Mutations

You are resistant to torment.
((Your stone body is resilient. (AC +8)))
You are immune to poison.
You resist negative energy. (rN+)
((You are resistant to electric shocks. (rElec)))
((You can survive without breathing.))
You are immune to petrification.
You are immune to rotting.


Message History

Kirke points at you and mumbles some strange words.
You turn into a filthy swine.
Your +2 helmet melds into your body.
Your +1 pair of gloves melds into your body.
Your +1 pair of boots melds into your body.
Your +3 plate armour of poison resistance melds into your body.
Your ring of protection from fire melds into your body.
The harpy closely misses you. x2
You closely miss Kirke.
Kirke is moderately wounded.
The harpy claws you. The harpy closely misses you. The harpy barely misses you.
The harpy closely misses you. The harpy claws you. The harpy claws you!
The harpy barely misses you. The harpy claws you! Kirke misses you.
The harpy claws you!!
* * * LOW HITPOINT WARNING * * *
The harpy barely misses you.
As you read the scroll of teleportation, it crumbles to dust.
You feel strangely unstable.
The harpy screeches!
The harpy claws you!
You die...

#.#.##.. # #....... #
####.##.#.## #
#.###.#....###
#...........P## #P##+
####..............
.....h##.................
:....hD@HH..............#
.h....##h........†....†..
.@... #H#...............
.h.. ####...........P..
... #...........P≈≈ #.
#...........≈≈P #
#..PP.#.####≈≈≈ #######.#
#≈≈P ### ≈≈P ≈≈≈


You could see Kirke, a five-headed hydra, 3 harpies and 2 hogs.

Vanquished Creatures
  Snorg (Lair:4)
  2 hydras (Lair:3)
  2 two-headed ogres (D:11)
  A death yak (Lair:3)
  A centaur zombie (D:10)
  2 black mambas (Lair:3)
  A torpor snail (Lair:3)
  3 cane toads
  6 komodo dragons
  3 rime drakes (Lair:2)
  4 merfolk (Lair:2)
  A queen bee (D:11)
  A troll (D:9)
  3 hippogriffs
  2 wyverns
  7 yaks
  A hog (Lair:4)
  4 nagas (Lair:3)
  7 water moccasins
  7 porcupines
  The ghost of Apogee the Ruffian, an amateur TrWr of Cheibriados (D:3)
  2 black bears
  2 sky beasts
  3 ice beasts
  A phantom (D:9)
  3 ogres
  3 necrophages
  2 wolves (D:9)
  2 centaurs
  7 crocodiles
  2 big kobolds
  7 bullfrogs
  2 scorpions
  40 killer bees
  17 wights
  2 howler monkeys
  4 electric eels
  A quasit (D:5)
  11 hounds
  6 orc priests
  2 gnoll shamans
  8 jellies
  3 bullfrog skeletons
  4 centaur skeletons
  Jessica (D:2)
  6 iguanas
  2 hell rats (Lair:1)
  15 orc wizards
  Natasha (thrice) (D:2)
  11 worker ants
  A killer bee zombie (D:8)
  A hound skeleton (D:4)
  3 worker ant zombies
  16 gnolls
  11 adders
  10 river rats (Lair:1)
  3 shadow imps
  4 ufetubi
  5 oozes (D:9)
  An adder zombie (D:8)
  4 worms
  2 dart slugs (D:1)
  3 leopard geckos
  40 orcs
  8 giant cockroaches
  9 goblins
  9 hobgoblins
  3 jackals (D:1)
  10 kobolds
  5 quokkas
  A ball python skeleton (D:4)
  A ball python zombie (D:5)
  5 bats
  6 frilled lizards
  A leopard gecko skeleton (D:8)
  A quokka skeleton (D:4)
  A quokka zombie (D:5)
  20 rats
416 creatures vanquished.

Vanquished Creatures (collateral kills)
  A scorpion (D:8)
  A quokka (D:8)
2 creatures vanquished.

Vanquished Creatures (others)
  2 orc wizards
  2 fungi (Lair:3)
  A plant (Lair:2)
5 creatures vanquished.

Grand Total: 423 creatures vanquished

Notes
Turn   | Place    | Note
-------+----------+-------------------------------------------
     0 | D:1      | HoaS the Gargoyle Gladiator began the quest for the Orb.
     0 | D:1      | Reached XP level 1. HP: 12/12 MP: 1/1
    41 | D:1      | Reached XP level 2. HP: 15/18 MP: 2/2
   409 | D:1      | Reached XP level 3. HP: 17/22 MP: 3/3
   894 | D:2      | Reached skill level 4 in Unarmed Combat
  1297 | D:2      | Noticed Jessica
  1319 | D:2      | Killed Jessica
  1319 | D:2      | Reached XP level 4. HP: 23/28 MP: 4/4
  1594 | D:2      | Noticed Natasha
  1604 | D:2      | Killed Natasha
  1604 | D:2      | Reached XP level 5. HP: 15/32 MP: 5/5
  1814 | D:2      | Noticed Natasha
  1824 | D:2      | Killed Natasha
  1824 | D:2      | Reached skill level 5 in Unarmed Combat
  1829 | D:2      | Noticed Natasha
  1835 | D:2      | Killed Natasha
  1968 | D:3      | Noticed Apogee's ghost (amateur TrWr)
  1971 | D:3      | Found a runed translucent door.
  2147 | D:3      | Reached XP level 6. HP: 12/38 MP: 6/6
  2648 | D:3      | Reached skill level 6 in Unarmed Combat
  3488 | D:4      | Reached XP level 7. HP: 36/44 MP: 7/7
  3517 | D:4      | Reached skill level 5 in Fighting
  3570 | D:4      | Found a faded altar of an unknown god.
  3570 | D:4      | Found a shadowy altar of Dithmenos.
  3577 | D:4      | Found a faded altar of an unknown god.
  3579 | D:4      | Found a radiant altar of Vehumet.
  3582 | D:4      | Found a shattered altar of Ashenzari.
  3935 | D:4      | Reached skill level 7 in Unarmed Combat
  3945 | D:4      | Found a staircase to the Ecumenical Temple.
  3952 | Temple   | Entered the Ecumenical Temple
  4127 | Temple   | Became a worshipper of Makhleb the Destroyer
  4355 | D:5      | Entered Level 5 of the Dungeon
  4967 | D:5      | Reached XP level 8. HP: 44/51 MP: 8/8
  5035 | D:5      | Reached skill level 8 in Unarmed Combat
  5607 | D:5      | Found a radiant altar of Vehumet.
  5919 | D:6      | Reached * piety under Makhleb
  6151 | D:6      | Reached skill level 9 in Unarmed Combat
  6756 | D:7      | Reached XP level 9. HP: 43/57 MP: 9/9
  6810 | D:7      | Reached ** piety under Makhleb
  6833 | D:7      | Found Ischowutt's Assorted Antiques.
  6984 | D:7      | Reached skill level 10 in Unarmed Combat
  7255 | D:7      | Found a hide-covered altar of Uskayaw.
  7634 | D:3      | Killed Apogee's ghost
  7830 | D:8      | Reached skill level 11 in Unarmed Combat
  7883 | D:8      | Found Fecw's Book Boutique.
  8239 | D:8      | Reached *** piety under Makhleb
  8243 | D:8      | Found a sparkling altar of Nemelex Xobeh.
  8389 | D:8      | Reached XP level 10. HP: 66/66 MP: 10/10
  8758 | D:9      | Reached skill level 12 in Unarmed Combat
  9216 | D:9      | Found a white marble altar of Elyvilon.
  9532 | D:10     | Entered Level 10 of the Dungeon
  9535 | D:10     | Found a staircase to the Lair.
  9858 | D:10     | Reached skill level 10 in Fighting
  9864 | D:10     | Reached **** piety under Makhleb
 10252 | D:10     | Reached skill level 13 in Unarmed Combat
 10390 | D:10     | Found a transporter.
 10424 | D:10     | Reached XP level 11. HP: 73/73 MP: 11/11
 10517 | D:10     | Noticed an ettin
 10532 | D:10     | Found a transporter.
 10781 | Lair:1   | Entered Level 1 of the Lair of Beasts
 10887 | D:11     | Noticed a two-headed ogre
 10902 | D:11     | Killed a two-headed ogre
 10921 | D:11     | Noticed a two-headed ogre
 10949 | D:11     | Killed a two-headed ogre
 11022 | D:11     | Reached skill level 14 in Unarmed Combat
 11036 | D:11     | Found a staircase to the Orcish Mines.
 11315 | D:11     | Reached ***** piety under Makhleb
 11801 | D:7      | Bought a glowing plate armour for 650 gold pieces
 12689 | Lair:1   | You fall into a shaft and drop 1 floor!
 12994 | Lair:2   | Reached skill level 15 in Unarmed Combat
 12994 | Lair:2   | Reached XP level 12. HP: 81/81 MP: 12/12
 13008 | Lair:2   | Found a staircase to the Shoals.
 13423 | Lair:2   | Found a dark tunnel.
 13743 | Lair:3   | Identified a scroll of acquirement
 13743 | Lair:3   | Acquired 3200 gold pieces
 13781 | Lair:3   | Noticed a death yak
 13797 | Lair:3   | Killed a death yak
 13902 | Lair:3   | Noticed a four-headed hydra
 13909 | Lair:3   | Killed a four-headed hydra
 13913 | Lair:3   | Reached skill level 16 in Unarmed Combat
 14169 | Lair:3   | Noticed an eight-headed hydra
 14179 | Lair:3   | Killed an eight-headed hydra
 14229 | Lair:3   | Found a staircase to the Snake Pit.
 14675 | Lair:4   | Noticed Snorg
 14690 | Lair:4   | Killed Snorg
 14879 | Lair:4   | Noticed Kirke
 14887 | Lair:4   | Noticed a five-headed hydra
 14897 | Lair:4   | Slain by a harpy

Illustrated notes

Levels and vault maps discovered:
D:1:      erik_arrival_cave_to_civilisation [erik_arrival_cave_to_temple],
          layout_basic
D:2:      layout_rooms, uniq_natasha, uniq_jessica
D:3:      layout_loops_ring, hellmonk_ghost_happy_afterlife,
          minmay_misc_feat_tiny, st_stairs_3
D:4:      layout_loops_ring, chequers_temple_overflow_minitemple,
          minmay_temple_entry_statues_pillars, first_ration
D:5:      layout_layer_cave, vehumet_altar_wand_db
D:6:      layout_basic, gup_sewer_entry_spiral
D:7:      layout_basic, lemuel_doored_altar, serial_shops, nicolae_shop_trees,
          serial_aquarium, aquarium_bridge_square [aquarium_subvault_bridge,
          aquarium_subvault_wall, aquarium_subvault_wall,
          aquarium_subvault_bridge], aquarium_window_2, aquarium_window_fake,
          aquarium_view_2b, aquarium_view_2d, aquarium_balcony_5b
D:8:      layout_loops_cross, kennysheep_mini, serial_shops, shop
D:9:      layout_cave_pools, kennysheep_mini_moat,
          hangedman_little_slice_of_home
D:10:     gammafunk_the_bubble [the_bubble_gammafunk_split], layout_gridville,
          erik_lair_island
D:11:     layout_roguey [special_room_bee]
Temple:   eino_temple_scatter_basement
Lair:1:   layout_hall_layers, nicolae_quartered_pool_super, kennysheep_rathole
Lair:2:   layout_long_grid, elwin_shoals_entry_stream,
          nicolae_volcano_entry_s_turn, minmay_lair_oklob_chamber,
          grunt_megastairs_4
Lair:3:   layout_misc_corridors, minmay_snake_entry_guardpost_medium
Lair:4:   layout_roguey, serial_bayou_shore_a, uniq_kirke, uniq_snorg,
          uniq_rupert

Skill      XL: |  1  2  3  4  5  6  7  8  9 10 11 12 |
---------------+-------------------------------------+-----
Unarmed Combat | 4 5 6 7 9 11 13 15 16 | 16.6
Fighting       | 3 4 5 7 9 10 11 13 | 13.2
Throwing       | |  1.7
Dodging        | |  2.4

Action                   |  1- 3 |  4- 6 |  7- 9 | 10-12 || total
-------------------------+-------+-------+-------+-------++-------
Melee: Unarmed           |   162 |   264 |   592 |   953 ||  1971
       Punch             |     5 |     5 |    15 |    39 ||    64
Throw: Dart              |       |       |       |     4 ||     4
       Throwing net      |       |       |       |     3 ||     3
  Use: Scroll            |     6 |     1 |    10 |    16 ||    33
  Eat: Ration            |     1 |     2 |     4 |     5 ||    12
Armor: Leather armour    |    71 |    67 |       |       ||   138
       Ring mail         |       |    26 |       |       ||    26
       Chain mail        |       |    18 |   377 |   441 ||   836
       Plate armour      |       |       |       |   242 ||   242
Dodge: Dodged            |    99 |   161 |   243 |   354 ||   857

Table legend:
 A = Non-vault XP
 B = Vault XP
 C = Vault XP percentage of total XP
 D = Non-vault monster count
 E = Vault monster count
 F = Vault count percentage of total count
                 A         B        C        D         E       F
            +---------+---------+-------+---------+---------+-------
      Total |   24700 |    7133 |  22.4 |     336 |      83 |  19.8
            +---------+---------+-------+---------+---------+-------
        D:1 |      43 |       3 |   6.5 |      23 |       2 |   8.0
        D:2 |     129 |      72 |  35.8 |      24 |       2 |   7.7
        D:3 |     286 |     136 |  32.2 |      31 |       3 |   8.8
        D:4 |     293 |       0 |   0.0 |      16 |       0 |   0.0
        D:5 |     706 |       2 |   0.3 |      31 |       1 |   3.1
        D:6 |     606 |      22 |   3.5 |      14 |       7 |  33.3
        D:7 |    1264 |       0 |   0.0 |      38 |       0 |   0.0
        D:8 |    1423 |       0 |   0.0 |      28 |       0 |   0.0
        D:9 |    1132 |     857 |  43.1 |      27 |      15 |  35.7
       D:10 |    2689 |      45 |   1.6 |      31 |       1 |   3.1
       D:11 |    4089 |    1863 |  31.3 |      29 |      26 |  47.3
     Lair:1 |    1123 |     202 |  15.2 |       6 |      13 |  68.4
     Lair:2 |    2378 |    1971 |  45.3 |       9 |       7 |  43.8
     Lair:3 |    6965 |     655 |   8.6 |      20 |       4 |  16.7
     Lair:4 |    1574 |    1305 |  45.3 |       9 |       2 |  18.2
            +---------+---------+-------+---------+---------+-------
